CAROLINA vs SAN JOSE

Created - February-04-21 at 12:32

Goals
1 2 3 T
CAROLINA 1 0 1 2
SAN JOSE 3 1 1 5
Shots
1 2 3 T
CAROLINA 4 10 8 22
SAN JOSE 22 6 5 33

1st period

1. SAN JOSE , Rickard Rakell 3 (Jakob Silfverberg 5, Jon Merrill 2) at 1:27
2. CAROLINA , Dmitri Sokolov 1 (Deryk Engelland 5, Adam Henrique 7) at 10:31
3. SAN JOSE , Chris Kreider 9 (Cody Ceci 4, Kevin Hayes 11) at 17:24
4. SAN JOSE , Rickard Rakell 4 (MacKenzie Weegar 4, Jakob Silfverberg 6) at 19:38

Penalties :
Shea Weber (CAR) for High sticking (Minor) at 1:41, Brent Burns (CAR) for Slashing (Minor) at 3:10, Matt Martin (CAR) for Slashing (Minor) at 10:32

2nd period

5. SAN JOSE , Rickard Rakell 5 (Paul Stastny 4, Ryan Pulock 18) at 11:53

Penalties :
Shea Weber (CAR) for Hooking (Minor) at 0:05, Deryk Engelland (CAR) for Hooking (Minor) at 6:51, MacKenzie Weegar (SJ ) for Tripping (Minor) at 9:02, Cody Ceci (SJ ) for Holding (Minor) at 12:36, Cody Ceci (SJ ) for Hooking (Minor) at 14:37

3rd period

6. SAN JOSE , Paul Stastny 6 (Jakob Silfverberg 7, Jon Merrill 3) at 1:20 (PP)
7. CAROLINA , Matt Benning 3 (Dmitri Sokolov 1, Sebastian Aho 6) at 16:33

Penalties :
Dominik Kubalik (CAR) for Hooking (Minor) at 0:07, Dominik Kubalik (CAR) for Boarding (Minor) at 1:58, Matt Martin (CAR) for Slashing (Minor) at 6:01, David Savard (SJ ) for Roughing (Minor) at 13:56, Ryan Carpenter (SJ ) for Hooking (Minor) at 18:45

Goalie Stats

Sergei Bobrovsky (CAR), 28 saves from 33 shots - (0.848), L, 12-5-1, 60:00 minutes
Jake Allen (SJ ), 20 saves from 22 shots - (0.909), W, 8-9-1, 60:00 minutes

Players Stats for CAROLINA

Player Name              G  A  P  +/- PIM S  H  SB GA TA FO     MP     PP MP  PK MP  
------------------------------------------------------------------------------------
Adam Henrique            0  1  1  -1  0   3  1  0  0  0  0/0    13:44   0:30   0:00 
Alexander Radulov        0  0  0   0  0   1  2  1  0  0  0/1    19:20   3:38   4:55 
Brent Burns              0  0  0  -1  2   4  1  5  0  0  0/0    25:01   5:32   7:09 
CAR Cap Hit              0  0  0   0  0   0  0  0  0  0  0/0     3:16   0:00   0:48 
Cooper Marody            0  0  0   0  0   0  0  0  0  0  0/0     0:54   0:30   0:00 
David Kampf              0  0  0  -1  0   0  1  0  0  0  6/14   14:33   0:00   1:19 
Deryk Engelland          0  1  1   0  2   0  1  3  0  0  0/0    20:25   3:38   5:02 
Dmitri Sokolov           1  1  2  -1  0   1  1  0  0  0  0/0    13:25   0:00   0:11 
Dominik Kubalik          0  0  0  -1  4   1  1  0  0  0  0/2    13:15   5:02   0:00 
Duncan Keith             0  0  0   0  0   2  2  1  0  0  0/0    21:49   3:38   6:25 
Joel L'Esperance         0  0  0   0  0   0  0  0  0  0  0/0     4:28   0:30   0:00 
Matt Benning             1  0  1  -1  0   1  1  0  0  0  0/0    16:04   0:00   3:56 
Matt Martin              0  0  0   0  4   1  1  0  0  0  0/0    14:23   3:38   0:00 
Nicklas Backstrom        0  0  0   0  0   3  0  0  0  0  12/20  23:25   3:38   9:00 
Patrice Bergeron         0  0  0  -1  0   2  1  0  0  0  17/32  24:59   5:02   8:08 
Sam Lafferty             0  0  0   0  0   0  0  0  0  0  2/3     4:12   0:00   0:14 
Sebastian Aho            0  1  1  -1  0   1  1  1  0  0  0/0    12:08   0:00   0:00 
Shea Weber               0  0  0  -1  4   2  1  1  0  0  0/0    21:13   5:32   5:51 
Vladimir Tarasenko       0  0  0  -1  0   0  1  0  0  0  1/5    18:12   5:02   4:55 

Players Stats for SAN JOSE

Player Name              G  A  P  +/- PIM S  H  SB GA TA FO     MP     PP MP  PK MP  
------------------------------------------------------------------------------------
Braydon Coburn           0  0  0   0  0   0  0  2  0  0  0/0    16:32   0:00   2:39 
Brian Boyle              0  0  0  -1  0   1  1  0  0  0  0/0    11:46   0:00   0:59 
Chris Kreider            1  0  1   0  0   5  1  0  0  0  2/8    23:09   8:29   5:16 
Cody Ceci                0  1  1   2  4   1  1  2  0  0  0/0    20:18   5:38   2:34 
Corey Perry              0  0  0   0  0   1  1  0  0  0  0/0     7:09   0:00   0:00 
David Savard             0  0  0   0  2   2  1  0  0  0  0/0    23:07   8:58   3:57 
Dustin Brown             0  0  0   0  0   1  2  0  0  0  0/5    20:48   8:29   2:55 
Jakob Silfverberg        0  3  3   3  0   3  1  0  0  0  0/1    15:01   6:07   0:00 
Jesper Fast              0  0  0  -1  0   1  1  0  0  0  2/4    11:46   0:00   0:59 
Jon Merrill              0  2  2   2  0   2  1  3  0  0  0/0    21:13   5:38   3:27 
Jordan Weal              0  0  0   0  0   0  0  0  0  0  6/9     7:09   0:00   0:00 
Kevin Hayes              0  1  1   0  0   2  0  0  0  0  17/28  23:09   8:29   5:16 
Kyle Clifford            0  0  0   0  0   0  0  0  0  0  0/0     0:00   0:00   0:00 
MacKenzie Weegar         0  1  1   0  2   2  1  1  0  0  0/0    14:19   0:00   0:27 
Paul Stastny             1  1  2   3  0   2  3  2  0  0  10/16  17:56   6:07   2:55 
Rickard Rakell           3  0  3   3  0   5  0  1  0  0  0/1    15:01   6:07   0:00 
Ryan Carpenter           0  0  0   0  2   1  0  0  0  0  0/0     7:08   0:00   0:00 
Ryan Dzingel             0  0  0  -1  0   3  0  1  0  0  2/5    10:47   0:00   0:00 
Ryan Pulock              0  1  1   0  0   1  1  2  0  0  0/0    24:27   8:58   5:16 
Stefan Noesen            0  0  0   0  0   0  0  0  0  0  0/0     0:00   0:00   0:00 

3 Stars

1 - Rickard Rakell (SJ )
2 - Paul Stastny (SJ )
3 - Jakob Silfverberg (SJ )

Power Play

CAROLINA - 0 on 5 Attempt(s) - 0.00%
SAN JOSE - 1 on 8 Attempt(s) - 12.50%

Penalty Kill

CAROLINA - 7 on 8 Attempt(s) - 87.50% - Score 0 goal in Penalty Kill
SAN JOSE - 5 on 5 Attempt(s) - 100.00% - Score 0 goal in Penalty Kill

Team Stat

CAROLINA - Hits : 16 - Faceoff Wins : 38 - Blocked Shots : 12 - Penalty Minutes : 16
SAN JOSE - Hits : 15 - Faceoff Wins : 39 - Blocked Shots : 14 - Penalty Minutes : 10

Official

Referees : Brett Roeland and Andrew Wilk
Linesman : Colin Gates and Trent Knorr

Game Notes

Rickard Rakell has scored a Hat Trick!

Finance

Level 1 -- Attendance: 4442 (74.03%) -- Ticket Income $444,200
Level 2 -- Attendance: 3519 (70.38%) -- Ticket Income $211,140
Level 3 -- Attendance: 1963 (98.15%) -- Ticket Income $68,705
Level 4 -- Attendance: 3492 (87.30%) -- Ticket Income $69,840
Luxury Box -- Attendance: 696 (69.60%) -- Ticket Income $139,200
Game was played at the SAP Center.
Total Attendance: 14112 (78.40%)
Total Ticket Income: $933,085
Total Income: $933,085

CAROLINA

5 vs 5 Forward 
   Center                   Left Wing                Right Wing               Time % Phy DF OF 
 1 Patrice Bergeron         Dominik Kubalik          Vladimir Tarasenko       35     1   2  2  
 2 Nicklas Backstrom        Matt Martin              Alexander Radulov        30     1   2  2  
 3 David Kampf              Dmitri Sokolov           Adam Henrique            25     1   2  2  
 4 Sam Lafferty             Patrice Bergeron         Joel L'Esperance         10     1   2  2  

5 vs 5 Defense 
   Defense                  Defense                                           Time % Phy DF OF 
 1 Brent Burns              Shea Weber                                        35     1   2  2  
 2 Duncan Keith             Deryk Engelland                                   30     1   2  2  
 3 Sebastian Aho            Matt Benning                                      25     1   2  2  
 4 CAR Cap Hit              Brent Burns                                       10     1   2  2  

PowerPlay Forward 
   Center                   Left Wing                Right Wing               Time % Phy DF OF 
 1 Patrice Bergeron         Dominik Kubalik          Vladimir Tarasenko       60     1   2  2  
 2 Nicklas Backstrom        Matt Martin              Alexander Radulov        40     1   2  2  

PowerPlay Defense
   Defense                  Defense                                           Time % Phy DF OF 
 1 Brent Burns              Shea Weber                                        60     1   2  2  
 2 Duncan Keith             Deryk Engelland                                   40     1   2  2  

Penalty Kill 4 Players Forward 
   Center                   Wing                     Time % Phy DF OF 
 1 Patrice Bergeron         Nicklas Backstrom        60     1   2  2  
 2 Vladimir Tarasenko       Alexander Radulov        40     1   2  2  

Penalty Kill 4 Players Defense
   Defense                  Defense                  Time % Phy DF OF 
 1 Brent Burns              Shea Weber               60     1   2  2  
 2 Duncan Keith             Deryk Engelland          40     1   2  2  

Penalty Kill - 3 Players Forward 
   Forward                                           Time % Phy DF OF 
 1 Patrice Bergeron                                  60     1   2  2  
 2 Nicklas Backstrom                                 40     1   2  2  

Penalty Kill - 3 Players Defense
   Defense                  Defense                  Time % Phy DF OF 
 1 Brent Burns              Shea Weber               60     1   2  2  
 2 Duncan Keith             Deryk Engelland          40     1   2  2  

4 vs 4 Forward 
   Center                   Wing                     Time % Phy DF OF 
 1 Patrice Bergeron         Nicklas Backstrom        60     1   2  2  
 2 Vladimir Tarasenko       Alexander Radulov        40     1   2  2  

4 vs 4 Defense
   Defense                  Defense                  Time % Phy DF OF 
 1 Brent Burns              Shea Weber               60     1   2  2  
 2 Duncan Keith             Deryk Engelland          40     1   2  2  

Last Minutes Offensive
   Center                   Left Wing                Right Wing               Defense                  Defense                  
   Patrice Bergeron         Dominik Kubalik          Vladimir Tarasenko       Brent Burns              Shea Weber               

Last Minutes Defensive
   Center                   Left Wing                Right Wing               Defense                  Defense                  
   Patrice Bergeron         Dominik Kubalik          Vladimir Tarasenko       Brent Burns              Shea Weber               

Goaltenders
Starting : Sergei Bobrovsky         
Backup : Scott Wedgewood          

Extra Forwards
Normal : Cooper Marody, Adam Henrique, David Kampf - PP : Cooper Marody, Adam Henrique - PK : David Kampf
Extra Defensemen
Normal : Sebastian Aho, Matt Benning, CAR Cap Hit - PP : Sebastian Aho - PK : Matt Benning, CAR Cap Hit
Penalty Shots
Patrice Bergeron, Nicklas Backstrom, Vladimir Tarasenko, Alexander Radulov, Adam Henrique

Scratches
Ryan Hartman (Healthy), Claude Giroux (Healthy)

SAN JOSE

5 vs 5 Forward 
   Center                   Left Wing                Right Wing               Time % Phy DF OF 
 1 Kevin Hayes              Chris Kreider            Dustin Brown             35     1   2  2  
 2 Paul Stastny             Rickard Rakell           Jakob Silfverberg        30     1   2  2  
 3 Ryan Dzingel             Brian Boyle              Jesper Fast              25     1   2  2  
 4 Jordan Weal              Ryan Carpenter           Corey Perry              10     1   2  2  

5 vs 5 Defense 
   Defense                  Defense                                           Time % Phy DF OF 
 1 David Savard             Ryan Pulock                                       35     1   2  2  
 2 Cody Ceci                Jon Merrill                                       30     1   2  2  
 3 MacKenzie Weegar         Braydon Coburn                                    25     1   2  2  
 4 David Savard             Ryan Pulock                                       10     1   2  2  

PowerPlay Forward 
   Center                   Left Wing                Right Wing               Time % Phy DF OF 
 1 Kevin Hayes              Chris Kreider            Dustin Brown             60     1   2  2  
 2 Paul Stastny             Rickard Rakell           Jakob Silfverberg        40     1   2  2  

PowerPlay Defense
   Defense                  Defense                                           Time % Phy DF OF 
 1 David Savard             Ryan Pulock                                       60     1   2  2  
 2 Cody Ceci                Jon Merrill                                       40     1   2  2  

Penalty Kill 4 Players Forward 
   Center                   Wing                     Time % Phy DF OF 
 1 Chris Kreider            Kevin Hayes              60     1   2  2  
 2 Dustin Brown             Paul Stastny             40     1   2  2  

Penalty Kill 4 Players Defense
   Defense                  Defense                  Time % Phy DF OF 
 1 David Savard             Ryan Pulock              60     1   2  2  
 2 Cody Ceci                Jon Merrill              40     1   2  2  

Penalty Kill - 3 Players Forward 
   Forward                                           Time % Phy DF OF 
 1 Chris Kreider                                     60     1   2  2  
 2 Kevin Hayes                                       40     1   2  2  

Penalty Kill - 3 Players Defense
   Defense                  Defense                  Time % Phy DF OF 
 1 David Savard             Ryan Pulock              60     1   2  2  
 2 Cody Ceci                Jon Merrill              40     1   2  2  

4 vs 4 Forward 
   Center                   Wing                     Time % Phy DF OF 
 1 Chris Kreider            Kevin Hayes              60     1   2  2  
 2 Dustin Brown             Paul Stastny             40     1   2  2  

4 vs 4 Defense
   Defense                  Defense                  Time % Phy DF OF 
 1 David Savard             Ryan Pulock              60     1   2  2  
 2 Cody Ceci                Jon Merrill              40     1   2  2  

Last Minutes Offensive
   Center                   Left Wing                Right Wing               Defense                  Defense                  
   Kevin Hayes              Chris Kreider            Dustin Brown             David Savard             Ryan Pulock              

Last Minutes Defensive
   Center                   Left Wing                Right Wing               Defense                  Defense                  
   Kevin Hayes              Chris Kreider            Dustin Brown             David Savard             Ryan Pulock              

Goaltenders
Starting : Jake Allen               
Backup : Edward Pasquale          

Extra Forwards
Normal : Kyle Clifford, Stefan Noesen, Jesper Fast - PP : Kyle Clifford, Stefan Noesen - PK : Jesper Fast
Extra Defensemen
Normal : MacKenzie Weegar, Braydon Coburn, Cody Ceci - PP : MacKenzie Weegar - PK : Braydon Coburn, Cody Ceci
Penalty Shots
Chris Kreider, Kevin Hayes, Dustin Brown, Paul Stastny, Jakob Silfverberg

Scratches
SJ Cap Hit (Suspend), Danny DeKeyser (Bruised Left Arm Injury)

% Time on Ice - CAROLINA

Lines # - Real PCT - Wanted PCT - Time Play
Normal Forward
1 - 23% - 35% - 8:15
2 - 30% - 30% - 10:47
3 - 37% - 25% - 13:14
4 - 11% - 10% - 3:58
Normal Defense
1 - 27% - 35% - 9:52
2 - 32% - 30% - 11:46
3 - 33% - 25% - 12:08
4 - 7% - 10% - 2:28
PP Forward
1 - 60% - 60% - 5:32
2 - 40% - 40% - 3:38
PP Defense
1 - 60% - 60% - 5:32
2 - 40% - 40% - 3:38
PK Forward
1 - 65% - 60% - 9:11
2 - 35% - 40% - 4:55
PK Defense
1 - 57% - 60% - 8:01
2 - 43% - 40% - 6:05
PK3 Forward
1 - 100% - 60% - 0:30
2 - 0% - 40% - 0:00
PK3 Defense
1 - 100% - 60% - 0:30
2 - 0% - 40% - 0:00
44 Forward
1 - 0% - 60%
2 - 0% - 40%
44 Defense
1 - 0% - 60%
2 - 0% - 40%
Last Minute Offensive  - 0:00
Last Minute Defensive  - 0:00
Total
Forward - 60:00
Defense - 60:00

% Time on Ice - SAN JOSE

Lines # - Real PCT - Wanted PCT - Time Play
Normal Forward
1 - 26% - 35% - 9:24
2 - 25% - 30% - 8:54
3 - 30% - 25% - 10:47
4 - 20% - 10% - 7:09
Normal Defense
1 - 28% - 35% - 10:07
2 - 33% - 30% - 12:08
3 - 38% - 25% - 13:53
4 - 0% - 10% - 0:06
PP Forward
1 - 58% - 60% - 8:29
2 - 42% - 40% - 6:07
PP Defense
1 - 61% - 60% - 8:58
2 - 39% - 40% - 5:38
PK Forward
1 - 68% - 60% - 6:15
2 - 32% - 40% - 2:55
PK Defense
1 - 57% - 60% - 5:16
2 - 43% - 40% - 3:54
PK3 Forward
1 - 0% - 60%
2 - 0% - 40%
PK3 Defense
1 - 0% - 60%
2 - 0% - 40%
44 Forward
1 - 0% - 60%
2 - 0% - 40%
44 Defense
1 - 0% - 60%
2 - 0% - 40%
Last Minute Offensive  - 0:00
Last Minute Defensive  - 0:00
Total
Forward - 60:00
Defense - 60:00

Play-by-Play

1st period


0:01 of 1st period - Kevin Hayes wins face-off versus Patrice Bergeron in neutral zone.
0:09 of 1st period - Icing by Brent Burns.
0:10 of 1st period - Paul Stastny wins face-off versus Vladimir Tarasenko in CAROLINA zone.
0:11 of 1st period - Shot by Jakob Silfverberg.
0:11 of 1st period - Stopped by Sergei Bobrovsky without a rebound.
0:12 of 1st period - Nicklas Backstrom wins face-off versus Ryan Dzingel in CAROLINA zone.
0:12 of 1st period - Nicklas Backstrom is hit by Brian Boyle.
0:37 of 1st period - Ryan Dzingel is hit by Duncan Keith and loses puck.
0:44 of 1st period - Shot by Ryan Dzingel.
0:44 of 1st period - Shot Blocked by Duncan Keith.
0:46 of 1st period - Shot by Jesper Fast.
0:46 of 1st period - Shot Misses the Net.
1:27 of 1st period - Shot by Jakob Silfverberg.
1:27 of 1st period - Deflect By Rickard Rakell.
1:27 of 1st period - Goal by Rickard Rakell - CAROLINA : 0 - SAN JOSE : 1.
1:28 of 1st period - Patrice Bergeron wins face-off versus Kevin Hayes in neutral zone.
1:41 of 1st period - Minor Penalty to Shea Weber for High sticking.
1:42 of 1st period - Kevin Hayes wins face-off versus Nicklas Backstrom in CAROLINA zone.
2:09 of 1st period - Shot by Chris Kreider.
2:09 of 1st period - Shot Misses the Net.
2:11 of 1st period - Shot by David Savard.
2:11 of 1st period - Shot Misses the Net.
2:13 of 1st period - Shot by David Savard.
2:13 of 1st period - Stopped by Sergei Bobrovsky without a rebound.
2:14 of 1st period - Paul Stastny wins face-off versus Alexander Radulov in CAROLINA zone.
2:15 of 1st period - Shot by Jakob Silfverberg.
2:15 of 1st period - Shot Blocked by Deryk Engelland.
2:54 of 1st period - Shot by Rickard Rakell.
2:54 of 1st period - Stopped by Sergei Bobrovsky without a rebound.
2:55 of 1st period - Kevin Hayes wins face-off versus Patrice Bergeron in CAROLINA zone.
3:04 of 1st period - Shot by Kevin Hayes.
3:04 of 1st period - Stopped by Sergei Bobrovsky without a rebound.
3:05 of 1st period - Kevin Hayes wins face-off versus Vladimir Tarasenko in CAROLINA zone.
3:10 of 1st period - Shot by Ryan Pulock.
3:10 of 1st period - Stopped by Sergei Bobrovsky without a rebound.
3:10 of 1st period - Minor Penalty to Brent Burns for Slashing.
3:11 of 1st period - Patrice Bergeron wins face-off versus Kevin Hayes in CAROLINA zone.
3:24 of 1st period - Shot by David Savard.
3:24 of 1st period - Shot Misses the Net.
3:28 of 1st period - Shot by Chris Kreider.
3:28 of 1st period - Shot Misses the Net.
3:30 of 1st period - Shot by David Savard.
3:30 of 1st period - Stopped by Sergei Bobrovsky without a rebound.
3:31 of 1st period - Paul Stastny wins face-off versus Patrice Bergeron in CAROLINA zone.
4:12 of 1st period - Duncan Keith is hit by Jakob Silfverberg.
5:20 of 1st period - Shot by Jesper Fast.
5:20 of 1st period - Shot Blocked by Brent Burns.
5:39 of 1st period - Shot by Jesper Fast.
5:39 of 1st period - Shot Hit the Post.
5:43 of 1st period - Shot by Ryan Dzingel.
5:43 of 1st period - Stopped by Sergei Bobrovsky without a rebound.
5:44 of 1st period - Jordan Weal wins face-off versus Nicklas Backstrom in CAROLINA zone.
5:45 of 1st period - Shot by Jon Merrill.
5:45 of 1st period - Stopped by Sergei Bobrovsky without a rebound.
5:46 of 1st period - Nicklas Backstrom wins face-off versus Jordan Weal in CAROLINA zone.
5:46 of 1st period - Nicklas Backstrom is hit by Corey Perry.
6:09 of 1st period - Shot by Nicklas Backstrom.
6:09 of 1st period - Shot Misses the Net.
6:19 of 1st period - Shot by Nicklas Backstrom.
6:19 of 1st period - Stopped by Jake Allen with a rebound.
6:21 of 1st period - Shot by Nicklas Backstrom.
6:21 of 1st period - Deflect By Alexander Radulov.
6:21 of 1st period - Shot Misses the Net.
6:36 of 1st period - Icing by Duncan Keith.
6:37 of 1st period - Kevin Hayes wins face-off versus Patrice Bergeron in CAROLINA zone.
6:42 of 1st period - Shot by Chris Kreider.
6:42 of 1st period - Stopped by Sergei Bobrovsky without a rebound.
6:43 of 1st period - Kevin Hayes wins face-off versus Patrice Bergeron in CAROLINA zone.
7:17 of 1st period - Icing by Dustin Brown.
7:18 of 1st period - David Kampf wins face-off versus Kevin Hayes in SAN JOSE zone.
7:18 of 1st period - Duncan Keith is hit by Cody Ceci and loses puck.
7:34 of 1st period - Deryk Engelland is hit by Dustin Brown and loses puck.
8:15 of 1st period - Shot by Sebastian Aho.
8:15 of 1st period - Shot Blocked by Rickard Rakell.
8:58 of 1st period - Shot by Ryan Dzingel.
8:58 of 1st period - Stopped by Sergei Bobrovsky with a rebound.
9:00 of 1st period - Shot by Ryan Pulock.
9:00 of 1st period - Shot Misses the Net.
9:06 of 1st period - Shot by Jesper Fast.
9:06 of 1st period - Stopped by Sergei Bobrovsky without a rebound.
9:07 of 1st period - Sam Lafferty wins face-off versus Jordan Weal in CAROLINA zone.
9:54 of 1st period - Icing by Ryan Carpenter.
9:55 of 1st period - Jordan Weal wins face-off versus David Kampf in SAN JOSE zone.
9:55 of 1st period - Jordan Weal is hit by Dmitri Sokolov.
10:11 of 1st period - Shot by Dustin Brown.
10:11 of 1st period - Shot Blocked by Deryk Engelland.
10:27 of 1st period - Shot by David Kampf.
10:27 of 1st period - Deflect By Adam Henrique.
10:27 of 1st period - Shot Misses the Net.
10:29 of 1st period - Shot by Deryk Engelland.
10:29 of 1st period - Shot Misses the Net.
10:31 of 1st period - Shot by Dmitri Sokolov.
10:31 of 1st period - Goal by Dmitri Sokolov - CAROLINA : 1 - SAN JOSE : 1.
10:32 of 1st period - Paul Stastny wins face-off versus Nicklas Backstrom in neutral zone.
10:32 of 1st period - Minor Penalty to Matt Martin for Slashing.
10:33 of 1st period - Paul Stastny wins face-off versus Patrice Bergeron in CAROLINA zone.
11:11 of 1st period - Shot by Jakob Silfverberg.
11:11 of 1st period - Stopped by Sergei Bobrovsky without a rebound.
11:12 of 1st period - Vladimir Tarasenko wins face-off versus Kevin Hayes in CAROLINA zone.
11:39 of 1st period - Shot by Dustin Brown.
11:39 of 1st period - Deflect By Chris Kreider.
11:39 of 1st period - Shot Misses the Net.
11:41 of 1st period - Shot by Cody Ceci.
11:41 of 1st period - Shot Misses the Net.
11:43 of 1st period - Shot by Cody Ceci.
11:43 of 1st period - Stopped by Sergei Bobrovsky without a rebound.
11:44 of 1st period - Paul Stastny wins face-off versus Vladimir Tarasenko in CAROLINA zone.
11:55 of 1st period - Duncan Keith is hit by Paul Stastny and loses puck.
12:12 of 1st period - Shot by David Savard.
12:12 of 1st period - Shot Misses the Net.
12:53 of 1st period - Ryan Dzingel is hit by Matt Benning and loses puck.
12:57 of 1st period - Icing by David Kampf.
12:58 of 1st period - Kevin Hayes wins face-off versus David Kampf in CAROLINA zone.
13:11 of 1st period - Shot by Jon Merrill.
13:11 of 1st period - Stopped by Sergei Bobrovsky with a rebound.
13:22 of 1st period - Shot by Kevin Hayes.
13:22 of 1st period - Stopped by Sergei Bobrovsky without a rebound.
13:23 of 1st period - Nicklas Backstrom wins face-off versus Paul Stastny in CAROLINA zone.
13:23 of 1st period - Brent Burns is hit by Paul Stastny and loses puck.
14:14 of 1st period - Shot by Kevin Hayes.
14:14 of 1st period - Shot Blocked by Brent Burns.
14:16 of 1st period - Shot by Dustin Brown.
14:16 of 1st period - Stopped by Sergei Bobrovsky with a rebound.
14:18 of 1st period - Shot by Dustin Brown.
14:18 of 1st period - Shot Misses the Net.
14:20 of 1st period - Shot by MacKenzie Weegar.
14:20 of 1st period - Stopped by Sergei Bobrovsky without a rebound.
14:21 of 1st period - Patrice Bergeron wins face-off versus Jesper Fast in CAROLINA zone.
15:17 of 1st period - Icing by Chris Kreider.
15:18 of 1st period - Kevin Hayes wins face-off versus David Kampf in SAN JOSE zone.
15:43 of 1st period - Shot by Chris Kreider.
15:43 of 1st period - Stopped by Sergei Bobrovsky without a rebound.
15:44 of 1st period - Paul Stastny wins face-off versus Nicklas Backstrom in CAROLINA zone.
16:41 of 1st period - Shot by Joel L'Esperance.
16:41 of 1st period - Shot Misses the Net.
16:43 of 1st period - Shot by Sebastian Aho.
16:43 of 1st period - Shot Misses the Net.
16:45 of 1st period - Shot by Sebastian Aho.
16:45 of 1st period - Stopped by Jake Allen without a rebound.
16:46 of 1st period - David Kampf wins face-off versus Kevin Hayes in SAN JOSE zone.
16:55 of 1st period - Deryk Engelland is hit by Dustin Brown.
17:24 of 1st period - Shot by Chris Kreider.
17:24 of 1st period - Goal by Chris Kreider - CAROLINA : 1 - SAN JOSE : 2.
17:25 of 1st period - Jesper Fast wins face-off versus Dominik Kubalik in neutral zone.
17:31 of 1st period - Shea Weber is hit by Jesper Fast and loses puck.
17:55 of 1st period - Shot by Patrice Bergeron.
17:55 of 1st period - Stopped by Jake Allen without a rebound.
17:56 of 1st period - Jordan Weal wins face-off versus Nicklas Backstrom in SAN JOSE zone.
19:02 of 1st period - Jon Merrill is hit by Vladimir Tarasenko and loses puck.
19:14 of 1st period - Icing by Vladimir Tarasenko.
19:15 of 1st period - Patrice Bergeron wins face-off versus Paul Stastny in CAROLINA zone.
19:32 of 1st period - Shot by Rickard Rakell.
19:32 of 1st period - Shot Blocked by Brent Burns.
19:34 of 1st period - Shot by MacKenzie Weegar.
19:34 of 1st period - Stopped by Sergei Bobrovsky with a rebound.
19:36 of 1st period - Shot by MacKenzie Weegar.
19:36 of 1st period - Shot Blocked by Brent Burns.
19:38 of 1st period - Shot by Rickard Rakell.
19:38 of 1st period - Goal by Rickard Rakell - CAROLINA : 1 - SAN JOSE : 3.
19:39 of 1st period - Ryan Dzingel wins face-off versus David Kampf in neutral zone.
19:49 of 1st period - David Kampf is hit by Ryan Pulock and loses puck.
Goals for this period are 1 for CAROLINA vs 3 for SAN JOSE.
Shots for this period are 4 for CAROLINA vs 22 for SAN JOSE.

2nd period


0:01 of 2nd period - Kevin Hayes wins face-off versus Dominik Kubalik in neutral zone.
0:05 of 2nd period - Minor Penalty to Shea Weber for Hooking.
0:06 of 2nd period - Kevin Hayes wins face-off versus Patrice Bergeron in CAROLINA zone.
0:10 of 2nd period - Chris Kreider is hit by Brent Burns and loses puck.
0:40 of 2nd period - Icing by David Savard.
0:41 of 2nd period - Kevin Hayes wins face-off versus Patrice Bergeron in SAN JOSE zone.
1:11 of 2nd period - Shot by Vladimir Tarasenko.
1:11 of 2nd period - Shot Misses the Net.
1:47 of 2nd period - Shot by Jakob Silfverberg.
1:47 of 2nd period - Stopped by Sergei Bobrovsky with a rebound.
2:00 of 2nd period - Shot by Nicklas Backstrom.
2:00 of 2nd period - Stopped by Jake Allen without a rebound.
2:01 of 2nd period - Patrice Bergeron wins face-off versus Rickard Rakell in SAN JOSE zone.
2:04 of 2nd period - Shot by Nicklas Backstrom.
2:04 of 2nd period - Shot Blocked by Cody Ceci.
2:06 of 2nd period - Shot by Shea Weber.
2:06 of 2nd period - Shot Misses the Net.
2:08 of 2nd period - Shot by Adam Henrique.
2:08 of 2nd period - Shot Misses the Net.
2:10 of 2nd period - Shot by Shea Weber.
2:10 of 2nd period - Shot Misses the Net.
2:12 of 2nd period - Shot by Brent Burns.
2:12 of 2nd period - Shot Misses the Net.
3:02 of 2nd period - Shot by Vladimir Tarasenko.
3:02 of 2nd period - Shot Blocked by Ryan Dzingel.
3:59 of 2nd period - Nicklas Backstrom is hit by MacKenzie Weegar and loses puck.
4:32 of 2nd period - Shot by Adam Henrique.
4:32 of 2nd period - Shot Misses the Net.
4:34 of 2nd period - Shot by Adam Henrique.
4:34 of 2nd period - Stopped by Jake Allen without a rebound.
4:35 of 2nd period - Sam Lafferty wins face-off versus Kevin Hayes in SAN JOSE zone.
4:36 of 2nd period - Shot by Patrice Bergeron.
4:36 of 2nd period - Shot Misses the Net.
4:38 of 2nd period - Shot by Deryk Engelland.
4:38 of 2nd period - Shot Misses the Net.
5:42 of 2nd period - Nicklas Backstrom is hit by Jon Merrill and loses puck.
6:11 of 2nd period - Rickard Rakell is hit by David Kampf and loses puck.
6:29 of 2nd period - Icing by Jakob Silfverberg.
6:30 of 2nd period - Paul Stastny wins face-off versus Patrice Bergeron in SAN JOSE zone.
6:30 of 2nd period - Paul Stastny is hit by Patrice Bergeron.
6:51 of 2nd period - Minor Penalty to Deryk Engelland for Hooking.
6:52 of 2nd period - Kevin Hayes wins face-off versus Patrice Bergeron in CAROLINA zone.
7:09 of 2nd period - Shot by Ryan Pulock.
7:09 of 2nd period - Shot Blocked by Brent Burns.
7:11 of 2nd period - Shot by Dustin Brown.
7:11 of 2nd period - Shot Misses the Net.
7:13 of 2nd period - Shot by Chris Kreider.
7:13 of 2nd period - Stopped by Sergei Bobrovsky without a rebound.
7:14 of 2nd period - Patrice Bergeron wins face-off versus Kevin Hayes in CAROLINA zone.
7:45 of 2nd period - Icing by Ryan Pulock.
7:46 of 2nd period - Kevin Hayes wins face-off versus Vladimir Tarasenko in SAN JOSE zone.
7:46 of 2nd period - Kevin Hayes is hit by Alexander Radulov.
8:00 of 2nd period - Shot by Jakob Silfverberg.
8:00 of 2nd period - Shot Misses the Net.
8:02 of 2nd period - Shot by Paul Stastny.
8:02 of 2nd period - Stopped by Sergei Bobrovsky without a rebound.
8:03 of 2nd period - Patrice Bergeron wins face-off versus Paul Stastny in CAROLINA zone.
8:18 of 2nd period - Matt Benning is hit by Paul Stastny and loses puck.
9:02 of 2nd period - Minor Penalty to MacKenzie Weegar for Tripping.
9:03 of 2nd period - Patrice Bergeron wins face-off versus Chris Kreider in SAN JOSE zone.
9:23 of 2nd period - Off-side.
9:24 of 2nd period - Nicklas Backstrom wins face-off versus Kevin Hayes in neutral zone.
10:19 of 2nd period - Shot by Shea Weber.
10:19 of 2nd period - Stopped by Jake Allen without a rebound.
10:20 of 2nd period - Patrice Bergeron wins face-off versus Chris Kreider in SAN JOSE zone.
10:23 of 2nd period - Shot by Shea Weber.
10:23 of 2nd period - Shot Blocked by Cody Ceci.
11:09 of 2nd period - Shot by Sebastian Aho.
11:09 of 2nd period - Shot Misses the Net.
11:17 of 2nd period - Shot by Rickard Rakell.
11:17 of 2nd period - Stopped by Sergei Bobrovsky without a rebound.
11:18 of 2nd period - Nicklas Backstrom wins face-off versus Jordan Weal in CAROLINA zone.
11:33 of 2nd period - Shot by Nicklas Backstrom.
11:33 of 2nd period - Shot Misses the Net.
11:35 of 2nd period - Shot by Alexander Radulov.
11:35 of 2nd period - Stopped by Jake Allen without a rebound.
11:36 of 2nd period - Paul Stastny wins face-off versus David Kampf in SAN JOSE zone.
11:53 of 2nd period - Shot by Rickard Rakell.
11:53 of 2nd period - Goal by Rickard Rakell - CAROLINA : 1 - SAN JOSE : 4.
11:54 of 2nd period - Nicklas Backstrom wins face-off versus Kevin Hayes in neutral zone.
11:59 of 2nd period - Icing by Dustin Brown.
12:00 of 2nd period - Kevin Hayes wins face-off versus Nicklas Backstrom in SAN JOSE zone.
12:05 of 2nd period - Chris Kreider is hit by Matt Martin and loses puck.
12:25 of 2nd period - Icing by Cody Ceci.
12:26 of 2nd period - Patrice Bergeron wins face-off versus Kevin Hayes in SAN JOSE zone.
12:31 of 2nd period - Shot by Dominik Kubalik.
12:31 of 2nd period - Stopped by Jake Allen with a rebound.
12:33 of 2nd period - Shot by Patrice Bergeron.
12:33 of 2nd period - Shot Blocked by Jon Merrill.
12:35 of 2nd period - Shot by Vladimir Tarasenko.
12:35 of 2nd period - Shot Misses the Net.
12:36 of 2nd period - Minor Penalty to Cody Ceci for Holding.
12:37 of 2nd period - Patrice Bergeron wins face-off versus Chris Kreider in SAN JOSE zone.
12:40 of 2nd period - Shot by Brent Burns.
12:40 of 2nd period - Shot Blocked by Ryan Pulock.
13:07 of 2nd period - Shot by Vladimir Tarasenko.
13:07 of 2nd period - Shot Misses the Net.
13:09 of 2nd period - Shot by Brent Burns.
13:09 of 2nd period - Stopped by Jake Allen without a rebound.
13:10 of 2nd period - Nicklas Backstrom wins face-off versus Dustin Brown in SAN JOSE zone.
13:13 of 2nd period - Shot by Nicklas Backstrom.
13:13 of 2nd period - Stopped by Jake Allen without a rebound.
13:14 of 2nd period - Nicklas Backstrom wins face-off versus Paul Stastny in SAN JOSE zone.
14:12 of 2nd period - Shot by Brent Burns.
14:12 of 2nd period - Stopped by Jake Allen without a rebound.
14:13 of 2nd period - Chris Kreider wins face-off versus Patrice Bergeron in SAN JOSE zone.
14:37 of 2nd period - Minor Penalty to Cody Ceci for Hooking.
14:38 of 2nd period - Patrice Bergeron wins face-off versus Dustin Brown in SAN JOSE zone.
14:49 of 2nd period - Shot by Brent Burns.
14:49 of 2nd period - Shot Misses the Net.
14:51 of 2nd period - Shot by Patrice Bergeron.
14:51 of 2nd period - Shot Blocked by Braydon Coburn.
14:57 of 2nd period - Shot by Vladimir Tarasenko.
14:57 of 2nd period - Shot Blocked by Jon Merrill.
14:59 of 2nd period - Shot by Brent Burns.
14:59 of 2nd period - Stopped by Jake Allen with a rebound.
15:01 of 2nd period - Shot by Brent Burns.
15:01 of 2nd period - Shot Blocked by Braydon Coburn.
15:03 of 2nd period - Shot by Shea Weber.
15:03 of 2nd period - Stopped by Jake Allen with a rebound.
18:38 of 2nd period - David Savard is hit by Dominik Kubalik and loses puck.
19:07 of 2nd period - Shot by Brian Boyle.
19:07 of 2nd period - Stopped by Sergei Bobrovsky without a rebound.
19:08 of 2nd period - Kevin Hayes wins face-off versus David Kampf in CAROLINA zone.
19:30 of 2nd period - Chris Kreider is hit by Duncan Keith and loses puck.
19:36 of 2nd period - Dustin Brown is hit by Deryk Engelland and loses puck.
19:48 of 2nd period - Icing by Deryk Engelland.
19:49 of 2nd period - David Kampf wins face-off versus Jesper Fast in CAROLINA zone.
Goals for this period are 0 for CAROLINA vs 1 for SAN JOSE.
Shots for this period are 10 for CAROLINA vs 6 for SAN JOSE.

3rd period


0:01 of 3rd period - Patrice Bergeron wins face-off versus Dustin Brown in neutral zone.
0:07 of 3rd period - Minor Penalty to Dominik Kubalik for Hooking.
0:08 of 3rd period - Patrice Bergeron wins face-off versus Chris Kreider in CAROLINA zone.
0:08 of 3rd period - Patrice Bergeron is hit by Chris Kreider.
0:51 of 3rd period - Ryan Pulock is hit by Alexander Radulov and loses puck.
1:00 of 3rd period - Shot by Vladimir Tarasenko.
1:00 of 3rd period - Shot Misses the Net.
1:02 of 3rd period - Shot by Duncan Keith.
1:02 of 3rd period - Stopped by Jake Allen without a rebound.
1:03 of 3rd period - Patrice Bergeron wins face-off versus Paul Stastny in SAN JOSE zone.
1:18 of 3rd period - Shot by Jakob Silfverberg.
1:18 of 3rd period - Shot Blocked by Shea Weber.
1:20 of 3rd period - Shot by Paul Stastny.
1:20 of 3rd period - Goal by Paul Stastny - CAROLINA : 1 - SAN JOSE : 5.
1:21 of 3rd period - David Kampf wins face-off versus Ryan Dzingel in neutral zone.
1:50 of 3rd period - Shot by David Kampf.
1:50 of 3rd period - Shot Misses the Net.
1:57 of 3rd period - Icing by MacKenzie Weegar.
1:58 of 3rd period - Ryan Dzingel wins face-off versus Patrice Bergeron in SAN JOSE zone.
1:58 of 3rd period - Minor Penalty to Dominik Kubalik for Boarding.
1:59 of 3rd period - Kevin Hayes wins face-off versus Patrice Bergeron in CAROLINA zone.
2:09 of 3rd period - Kevin Hayes is hit by Shea Weber and loses puck.
2:33 of 3rd period - Shot by Ryan Pulock.
2:33 of 3rd period - Shot Misses the Net.
3:17 of 3rd period - Shot by Rickard Rakell.
3:17 of 3rd period - Shot Blocked by Alexander Radulov.
4:15 of 3rd period - Icing by Sebastian Aho.
4:16 of 3rd period - Jordan Weal wins face-off versus David Kampf in CAROLINA zone.
4:37 of 3rd period - Shot by Ryan Carpenter.
4:37 of 3rd period - Stopped by Sergei Bobrovsky with a rebound.
5:34 of 3rd period - Shot by Vladimir Tarasenko.
5:34 of 3rd period - Shot Blocked by Jon Merrill.
6:01 of 3rd period - Minor Penalty to Matt Martin for Slashing.
6:02 of 3rd period - David Kampf wins face-off versus Kevin Hayes in CAROLINA zone.
7:09 of 3rd period - Shot by Paul Stastny.
7:09 of 3rd period - Shot Blocked by Deryk Engelland.
8:50 of 3rd period - Shot by Adam Henrique.
8:50 of 3rd period - Shot Blocked by MacKenzie Weegar.
8:55 of 3rd period - Off-side.
8:56 of 3rd period - Nicklas Backstrom wins face-off versus Paul Stastny in neutral zone.
9:50 of 3rd period - Paul Stastny is hit by Adam Henrique and loses puck.
10:35 of 3rd period - Shot by Chris Kreider.
10:35 of 3rd period - Shot Blocked by Sebastian Aho.
11:36 of 3rd period - Off-side.
11:37 of 3rd period - Jordan Weal wins face-off versus Sam Lafferty in neutral zone.
11:58 of 3rd period - Shot by Sam Lafferty.
11:58 of 3rd period - Shot Misses the Net.
12:00 of 3rd period - Shot by Brent Burns.
12:00 of 3rd period - Stopped by Jake Allen without a rebound.
12:01 of 3rd period - Paul Stastny wins face-off versus Nicklas Backstrom in SAN JOSE zone.
12:23 of 3rd period - Shot by Nicklas Backstrom.
12:23 of 3rd period - Shot Misses the Net.
12:54 of 3rd period - Icing by Matt Benning.
12:55 of 3rd period - Kevin Hayes wins face-off versus Patrice Bergeron in CAROLINA zone.
13:11 of 3rd period - Shot by Chris Kreider.
13:11 of 3rd period - Shot Misses the Net.
13:18 of 3rd period - Chris Kreider is hit by Sebastian Aho and loses puck.
13:31 of 3rd period - Shot by Kevin Hayes.
13:31 of 3rd period - Shot Misses the Net.
13:33 of 3rd period - Shot by Braydon Coburn.
13:33 of 3rd period - Shot Misses the Net.
13:35 of 3rd period - Shot by Chris Kreider.
13:35 of 3rd period - Stopped by Sergei Bobrovsky without a rebound.
13:36 of 3rd period - David Kampf wins face-off versus Ryan Dzingel in CAROLINA zone.
13:44 of 3rd period - David Kampf is hit by David Savard and loses puck.
13:47 of 3rd period - Shot by Adam Henrique.
13:47 of 3rd period - Stopped by Jake Allen with a rebound.
13:56 of 3rd period - Minor Penalty to David Savard for Roughing.
13:57 of 3rd period - Chris Kreider wins face-off versus Nicklas Backstrom in SAN JOSE zone.
14:34 of 3rd period - Shot by Alexander Radulov.
14:34 of 3rd period - Shot Misses the Net.
14:36 of 3rd period - Shot by Duncan Keith.
14:36 of 3rd period - Shot Misses the Net.
15:08 of 3rd period - Shot by Patrice Bergeron.
15:08 of 3rd period - Stopped by Jake Allen without a rebound.
15:09 of 3rd period - Jesper Fast wins face-off versus Patrice Bergeron in SAN JOSE zone.
15:21 of 3rd period - Icing by Vladimir Tarasenko.
15:22 of 3rd period - Patrice Bergeron wins face-off versus Chris Kreider in CAROLINA zone.
15:35 of 3rd period - Shot by Brent Burns.
15:35 of 3rd period - Shot Blocked by Ryan Pulock.
16:10 of 3rd period - Shot by Adam Henrique.
16:10 of 3rd period - Shot Misses the Net.
16:25 of 3rd period - Shot by Adam Henrique.
16:25 of 3rd period - Stopped by Jake Allen with a rebound.
16:27 of 3rd period - Shot by Matt Benning.
16:27 of 3rd period - Shot Misses the Net.
16:29 of 3rd period - Shot by Sebastian Aho.
16:29 of 3rd period - Shot Misses the Net.
16:31 of 3rd period - Shot by Dmitri Sokolov.
16:31 of 3rd period - Shot Hit the Post.
16:33 of 3rd period - Shot by Matt Benning.
16:33 of 3rd period - Goal by Matt Benning - CAROLINA : 2 - SAN JOSE : 5.
16:34 of 3rd period - Nicklas Backstrom wins face-off versus Jakob Silfverberg in neutral zone.
18:12 of 3rd period - Shot by Ryan Dzingel.
18:12 of 3rd period - Stopped by Sergei Bobrovsky without a rebound.
18:13 of 3rd period - Jordan Weal wins face-off versus David Kampf in CAROLINA zone.
18:32 of 3rd period - Shot by Corey Perry.
18:32 of 3rd period - Stopped by Sergei Bobrovsky with a rebound.
18:45 of 3rd period - Minor Penalty to Ryan Carpenter for Hooking.
18:46 of 3rd period - Patrice Bergeron wins face-off versus Chris Kreider in SAN JOSE zone.
19:33 of 3rd period - Shot by Duncan Keith.
19:33 of 3rd period - Shot Misses the Net.
19:35 of 3rd period - Shot by Duncan Keith.
19:35 of 3rd period - Stopped by Jake Allen without a rebound.
19:36 of 3rd period - Nicklas Backstrom wins face-off versus Dustin Brown in SAN JOSE zone.
19:41 of 3rd period - Shot by Deryk Engelland.
19:41 of 3rd period - Shot Blocked by Paul Stastny.
19:43 of 3rd period - Shot by Deryk Engelland.
19:43 of 3rd period - Shot Blocked by Paul Stastny.
19:45 of 3rd period - Shot by Matt Martin.
19:45 of 3rd period - Stopped by Jake Allen without a rebound.
19:46 of 3rd period - Nicklas Backstrom wins face-off versus Dustin Brown in SAN JOSE zone.
Goals for this period are 1 for CAROLINA vs 1 for SAN JOSE.
Shots for this period are 8 for CAROLINA vs 5 for SAN JOSE.